 Dungeon Crawl Stone Soup version 0.14-a0-2474-g7d54a28 (webtiles) character file.

70456 HollowCharge the Fencer (level 14, -2/129 HPs)
             Began as a White Draconian Fighter on Feb 7, 2014.
             Was the Champion of Okawaru.
             Slain by a catoblepas (10 damage)
             ... on Level 8 of the Lair of Beasts on Feb 8, 2014.
             The game lasted 02:44:04 (29540 turns).

HollowCharge the Fencer (White Draconian Fighter)  Turns: 29540, Time: 02:44:04

HP  -2/129       AC 18     Str 24      XL: 14   Next: 89%
MP  14/14        EV  2     Int  8      God: Okawaru [******]
Gold 1208        SH  0     Dex 17      Spells:  0 memorised, 13 levels left

rFire  . . .     SeeInvis .     P - +3,+1 orc scimitar (slice) (curse)
rCold  + + .     Clarity  .     (armour unavailable)
rNeg   + + +     Conserve .     c - +0 shield
rPois  +         rCorr    .     (helmet restricted)
rElec  .         rRot     +     p - +5 cloak of Inference {rC+ Dam+3}
SustAb . .       Spirit   .     H - +0 pair of gloves {Dex+3}
rMut   .         Warding  .     s - +2 pair of boots
Saprov . . .     Stasis   +     V - amulet of stasis
MR     ++++.                    Z - ring "Greq Pra" {+Fly MR++ Str+3}
                                b - ring of the Seeker {Regen MR++ Acc-1}

@: petrified, incredibly resistant to hostile enchantments, unstealthy
A: breathe frost, unfitting armour, cold resistance 1, AC +8
a: Breathe Frost, Heroism, Finesse, Renounce Religion, Evoke Flight


You were on level 8 of the Lair of Beasts.
You worshipped Okawaru.
Okawaru was exalted by your worship.
You were hungry.

You visited 3 branches of the dungeon, and saw 23 of its levels.
You also visited: Bailey and Ice Cave.

You collected 1364 gold pieces.
You spent 156 gold pieces at shops.

Inventory:

Hand weapons
 r - a +1,+2 falchion
 w - a +0,+0 scimitar
 J - the +1,+8 cutlass of Deflation {elec, rC+}
   (Okawaru gifted it to you on level 4 of the Lair of Beasts)

   Occasionally, upon striking a foe, it will discharge some electrical energy
   and cause terrible harm.
   It protects you from cold.
 P - a cursed +3,+1 orcish scimitar of slicing (weapon)
Armour
 c - a +0 shield (worn)
 j - a +2 pair of gloves
 p - the +5 cloak of Inference (worn) {rC+ Dam+3}
   (You bought it in a shop on level 13 of the Dungeon)

   It affects your damage with ranged weapons and melee attacks (+3).
   It protects you from cold.
 s - a +2 pair of boots (worn)
 z - a +0 large shield
 C - a +1 pair of gloves of strength
 H - a +0 pair of gloves of dexterity (worn)
Magical devices
 f - a wand of teleportation (6)
 u - a wand of fireball (4)
 A - a wand of disintegration (14)
 D - a wand of cold (4)
 F - a wand of teleportation (4)
 G - a wand of lightning (6)
 L - a wand of draining (0)
 N - a wand of slowing (14)
 O - a wand of digging (8)
 R - a wand of digging (16)
Comestibles
 g - 2 pears
 k - 5 meat rations
 n - 4 bread rations
 o - a honeycomb
 B - 3 apples
Scrolls
 i - 6 scrolls of teleportation
 t - a scroll of blinking
 v - 6 scrolls of remove curse
 M - a scroll of identify
 U - 4 scrolls of fear
Jewellery
 b - the ring of the Seeker (left hand) {Regen MR++ Acc-1}
   (You found it on level 1 of the Lair of Beasts)

   [ring of regeneration]

   It affects your accuracy with ranged weapons and melee attacks (-1).
   It affects your resistance to hostile enchantments.
 h - an uncursed ring of magical power
 q - an uncursed ring of regeneration
 y - an uncursed ring of protection from cold
 E - an uncursed ring of positive energy
 K - an uncursed ring of sustenance
 V - an amulet of stasis (around neck)
 Z - the ring "Greq Pra" (right hand) {+Fly MR++ Str+3}
   (You found it on level 7 of the Lair of Beasts)

   [ring of strength]

   It affects your strength (+3).
   It affects your resistance to hostile enchantments.
   It lets you fly.
Potions
 a - a potion of brilliance
 l - 5 potions of curing
 m - 3 potions of heal wounds
 x - a potion of agility
 I - a potion of might
 S - a potion of restore abilities
 T - a potion of lignification
 W - a potion of magic {unknown}
 Y - a potion of invisibility
Books
 d - a book of Debilitation

   Spells                             Type                      Level
   Corona                             Hexes                        1
   Slow                               Hexes                        2
   Inner Flame                        Hexes/Fire                   3
   Enslavement                        Hexes                        4
   Cause Fear                         Hexes                        4
   Leda's Liquefaction                Hexes/Earth                  4
 e - a book of the Dragon

   Spells                             Type                      Level
   Flight                             Charms/Air                   3
   Cause Fear                         Hexes                        4
   Bolt of Fire                       Conjuration/Fire             6
   Dragon Form                        Transmutation                7
   Summon Dragon                      Summoning                    9
 Q - a book of the Dragon

   Spells                             Type                      Level
   Flight                             Charms/Air                   3
   Cause Fear                         Hexes                        4
   Bolt of Fire                       Conjuration/Fire             6
   Dragon Form                        Transmutation                7
   Summon Dragon                      Summoning                    9


   Skills:
 + Level 13.3 Fighting
 * Level 16.1 Long Blades
 + Level 11.3 Dodging
 + Level 12.4 Shields


You had 13 spell levels left.
You didn't know any spells.

Dungeon Overview and Level Annotations

Branches:
Dungeon (14/16)            Temple (1/1) D:6             Orc (0/4) D:12
   Lair (8/8) D:8          Shoals (0/5) Lair:3       Spider (0/5) Lair:6
  Slime (0/6) Lair:6       Vaults (0/5) D:14

Altars:
Cheibriados
Dithmengos
Elyvilon
Fedhas
Okawaru
Sif Muna
Trog
Yredelemnul
The Shining One
Beogh

Shops:
D:13 [   D:14 (

Annotations:
Lair:3 Erica


Innate Abilities, Weirdness & Mutations

You can breathe waves of freezing cold.
You can buffet flying creatures when you breathe cold.
Your icy white scales are hard (AC +8).
Your body does not fit into most forms of armour.
Your cold-blooded metabolism reacts poorly to cold.
Your flesh is cold resistant.


Message History

* * * LOW HITPOINT WARNING * * *
Your limbs are stiffening.
You hit the catoblepas but do no damage.
The catoblepas is severely wounded.
You are engulfed in calcifying dust.
Your limbs have turned to stone.
The catoblepas gores you!
* * * LOW HITPOINT WARNING * * *
You have turned to stone.
The catoblepas breathes a plume of calcifying dust at you.
The blast of calcifying dust hits you!
You are engulfed in calcifying dust.
The catoblepas gores you but does no damage.
You are engulfed in calcifying dust.
The catoblepas gores you!
* * * LOW HITPOINT WARNING * * *
You are engulfed in calcifying dust.
The catoblepas breathes a plume of calcifying dust at you.
The blast of calcifying dust hits you!
You are engulfed in calcifying dust.
The catoblepas gores you!
You die...

#.##...## #% #.#.....##
##. ##..%.....#. ###..
#....%......% ###...#
##..P.### ###.....#
#..f....#######......##
###.P#Y..P.......%..##
####Y#...........##
#@##P.f.#######
#########


You could see a death yak and a catoblepas.

Vanquished Creatures
  A frost giant (IceCv)
  The ghost of runewalsh the Unseen, a powerful OpWz of Nemelex Xobeh (IceCv)
  The ghost of miro the Fighter, a powerful HEWz of Vehumet (Lair:8)
  Harold (D:10)
  5 hydras
  4 death yaks
  An ogre mage (D:14)
  Urug (D:14)
  5 skeletal warriors
  2 centaur warriors (D:14)
  An unseen horror (D:12)
  Erolcha (D:13)
  4 ice statues
  A deep troll (shapeshifter) (D:14)
  Pikel (D:8)
  2 griffons
  A phantasmal warrior (D:13)
  4 cyclopes
  Maurice (D:10)
  6 spiny frogs
  10 elephants (Lair:6)
  3 black mambas
  A fire drake (Lair:7)
  8 komodo dragons
  A centaur skeleton (D:14)
  2 trolls
  5 two-headed ogres
  An orb spider (Lair:6)
  17 polar bears (IceCv)
  18 blink frogs
  A hydra skeleton (D:14)
  A trapdoor spider (D:12)
  2 grizzly bears (Lair:8)
  2 shadows
  2 basilisks
  A griffon skeleton (D:12)
  5 wraiths
  71 yaks
  A fire dragon skeleton (D:14)
  6 ugly things (D:14)
  Eustachio (D:8)
  A deep elf fighter (D:8)
  4 hippogriffs
  A mottled dragon (D:11)
  2 hill giant skeletons
  5 vampire mosquitoes
  2 necrophages
  2 ogre zombies
  20 wolves
  5 sky beasts
  6 orc warriors
  A black bear (D:6)
  A naga (shapeshifter) (D:14)
  A kobold demonologist (D:14)
  A slave (D:8)
  9 porcupines
  10 ogres
  A human (D:7)
  4 ice beasts
  3 phantoms
  19 centaurs
  A black bear (shapeshifter) (D:13)
  9 crocodiles
  2 boring beetles
  7 big kobolds
  Duvessa (D:6)
  3 giant slugs
  22 giant frogs
  4 water moccasins
  A komodo dragon skeleton (D:14)
  8 agate snails
  A cyclops zombie (D:14)
  A wyvern skeleton (D:5)
  2 eyes of draining
  A hippogriff zombie (D:12)
  A troll skeleton (D:9)
  5 killer bees (D:9)
  A hippogriff skeleton (D:6)
  5 jellies
  9 wights
  8 crimson imps
  3 goliath beetles
  Dowan (D:6)
  3 centaur zombies
  5 orc priests
  5 hounds
  4 scorpions
  4 worker ants
  5 iguanas
  19 orc wizards
  Natasha (twice) (D:3)
  21 sheep
  Ijyb (D:3)
  A hound skeleton (D:4)
  26 adders
  14 gnolls
  A worker ant zombie (D:10)
  4 giant centipedes
  32 green rats
  4 giant mites
  5 worms
  An ufetubus (D:3)
  2 giant eyeballs
  9 giant geckos
  2 oozes (D:1)
  45 orcs
  2 ball pythons (D:3)
  33 bats
  A bat skeleton (D:4)
  4 giant cockroaches
  17 goblins
  15 hobgoblins
  27 jackals
  12 quokkas
  A ball python skeleton (D:4)
  6 giant newts
  A giant newt skeleton (D:5)
  A hobgoblin skeleton (D:5)
  34 kobolds
  A kobold skeleton (D:4)
  4 orc skeletons
  3 orc zombies
  26 rats
  3 ballistomycetes (D:12)
  A bush (Lair:4)
  5 fungi
  5 plants
814 creatures vanquished.

Vanquished Creatures (others)
  A slave (D:8)
  A killer bee (D:12)
  A big fish (D:7)
  A centaur zombie (D:8)
  A jelly (D:8)
  A scorpion (D:8)
  An adder (D:8)
  An orc (D:11)
  4 kobolds (D:11)
  A giant spore (D:12)
  5 rats (D:8)
  A fungus (Lair:8)
19 creatures vanquished.

Grand Total: 833 creatures vanquished

Notes
Turn   | Place    | Note
--------------------------------------------------------------
     0 | D:1      | HollowCharge, the Draconian Fighter, began the quest for the Orb.
     0 | D:1      | Reached XP level 1. HP: 19/19 MP: 1/1
    43 | D:1      | Reached XP level 2. HP: 23/26 MP: 2/2
   511 | D:1      | Reached XP level 3. HP: 31/31 MP: 3/3
  1284 | D:2      | Reached XP level 4. HP: 36/40 MP: 4/4
  1420 | D:2      | Reached skill level 4 in Fighting
  1746 | D:2      | HP: 2/40 [gnoll/halberd (4)]
  2381 | D:3      | Found an iron altar of Okawaru.
  2471 | D:3      | Reached XP level 5. HP: 17/46 MP: 5/5
  2698 | D:3      | Became a worshipper of Warmaster Okawaru
  3123 | D:3      | Noticed Ijyb
  3140 | D:3      | Killed Ijyb
  3399 | D:3      | Noticed Natasha
  3425 | D:3      | Killed Natasha
  3425 | D:3      | Reached XP level 6. HP: 7/53 MP: 6/6
  3781 | D:3      | Noticed Natasha
  3785 | D:3      | Killed Natasha
  4192 | D:4      | Found a bloodstained altar of Trog.
  5300 | D:4      | Reached skill level 5 in Fighting
  5300 | D:4      | Your scales start taking on an icy white colour.
  5300 | D:4      | Gained mutation: Your flesh is cold resistant. [draconian maturity]
  5300 | D:4      | Reached XP level 7. HP: 59/61 MP: 7/7
  5304 | D:4      | Reached skill level 5 in Long Blades
  5335 | D:4      | Acquired Okawaru's first power
  5556 | D:5      | Entered Level 5 of the Dungeon
  6332 | D:6      | Reached skill level 6 in Long Blades
  6338 | D:6      | Reached XP level 8. HP: 45/70 MP: 8/8
  6513 | D:6      | Paralysed by a giant eyeball for 3 turns
  6519 | D:6      | Paralysed by a giant eyeball for 3 turns
  6655 | D:6      | Noticed Dowan
  6658 | D:6      | Noticed Duvessa
  6669 | D:6      | Reached skill level 5 in Shields
  6694 | D:6      | Killed Dowan
  6748 | D:6      | Reached skill level 5 in Dodging
  6995 | D:6      | Found a basalt altar of Yredelemnul.
  7036 | D:6      | Killed Duvessa
  7417 | D:6      | Found a staircase to the Ecumenical Temple.
  7474 | D:6      | Reached skill level 7 in Long Blades
  7700 | Temple   | Entered the Ecumenical Temple
  7892 | D:7      | Reached XP level 9. HP: 65/78 MP: 9/9
  8162 | D:7      | Found a deep blue altar of Sif Muna.
  8351 | D:7      | Found a white marble altar of Elyvilon.
  8501 | D:7      | Reached skill level 8 in Long Blades
  8592 | D:8      | Noticed Pikel
  8632 | D:8      | Killed Pikel
  8808 | D:8      | Found a shadowy altar of Dithmengos.
  8845 | D:8      | Found a glowing golden altar of the Shining One.
  8845 | D:8      | Noticed Eustachio
  8969 | D:8      | Killed Eustachio
  9381 | D:8      | Found a staircase to the Lair.
  9389 | D:8      | Reached skill level 9 in Long Blades
 10236 | D:7      | Reached XP level 10. HP: 88/88 MP: 10/10
 10541 | D:9      | Found a blossoming altar of Fedhas.
 11187 | D:10     | Entered Level 10 of the Dungeon
 11370 | D:10     | Found a flagged portal.
 11403 | Bailey   | Entered a bailey
 11422 | Bailey   | Noticed Moksha's ghost (experienced LOFi)
 11432 | Bailey   | Noticed Elizilla's ghost (experienced FoFi)
 11551 | D:10     | Reached skill level 10 in Long Blades
 11554 | D:10     | Acquired Okawaru's second power
 12197 | D:10     | Noticed Harold
 12612 | D:10     | Paralysed by a giant eyeball for 2 turns
 12619 | D:10     | Paralysed by a giant eyeball for 3 turns
 12746 | D:10     | Paralysed by a giant eyeball for 3 turns
 13360 | D:10     | Noticed Maurice
 13412 | D:10     | Killed Maurice
 13412 | D:10     | Received a gift from Okawaru
 13429 | D:10     | Got a pair of polished gloves {god gift}
 13460 | D:9      | Identified the -2 pair of gloves of Okawaru's Regard {Dex-5 Int+4} (Okawaru gifted it to you on level 10 of the Dungeon)
 13560 | D:11     | Noticed a cyclops
 13592 | D:11     | Noticed a skeletal warrior
 13593 | D:11     | Noticed a skeletal warrior
 13641 | D:11     | Killed a skeletal warrior
 13641 | D:11     | Reached skill level 11 in Long Blades
 13641 | D:11     | Reached XP level 11. HP: 19/97 MP: 11/11
 13971 | D:11     | Noticed a skeletal warrior
 13972 | D:11     | Noticed a skeletal warrior
 14173 | D:10     | Killed Harold
 14672 | D:11     | Found a bloodstained altar of Trog.
 15149 | D:10     | Killed a skeletal warrior
 15530 | D:11     | Noticed an ice statue
 15833 | D:11     | Killed a skeletal warrior
 16169 | D:11     | Received a gift from Okawaru
 16264 | D:11     | Reached skill level 10 in Fighting
 16454 | D:11     | Killed a cyclops
 16454 | D:11     | Reached skill level 12 in Long Blades
 16581 | D:11     | Killed an ice statue
 16994 | D:12     | Reached XP level 12. HP: 99/106 MP: 12/12
 17096 | D:12     | Noticed an ogre mage
 17127 | D:12     | Paralysed by an ogre mage for 5 turns
 17145 | D:12     | Found a labyrinth entrance.
 18101 | D:11     | Killed a skeletal warrior
 18532 | D:12     | Found a staircase to the Orcish Mines.
 18552 | D:12     | Found a roughly hewn altar of Beogh.
 18930 | D:13     | Noticed Erolcha
 18939 | D:13     | Killed Erolcha
 19435 | D:13     | Reached skill level 13 in Long Blades
 19715 | D:13     | Found Itiav's Antique Armour Shop.
 19723 | D:13     | Reached skill level 10 in Shields
 19730 | D:13     | Bought a smoking cloak for 156 gold pieces
 19735 | D:13     | Identified the +5 cloak of Inference {rC+ Dam+3} (You bought it in a shop on level 13 of the Dungeon)
 20139 | D:14     | Received a gift from Okawaru
 20242 | D:14     | Found a frozen archway.
 20400 | IceCv    | Entered an ice cave
 20820 | IceCv    | Reached XP level 13. HP: 67/116 MP: 13/13
 21204 | IceCv    | Reached skill level 14 in Long Blades
 21273 | IceCv    | Noticed runewalsh's ghost (powerful OpWz)
 21310 | IceCv    | Killed runewalsh's ghost
 21558 | IceCv    | Noticed a frost giant
 21615 | IceCv    | Killed a frost giant
 21816 | IceCv    | Got a pair of bloodstained gloves
 21860 | D:14     | Identified the cursed -2 pair of gloves of the Soldier {+Fly rN+} (You found it in an ice cave)
 21983 | D:14     | Reached skill level 10 in Dodging
 22145 | D:14     | Noticed an eight-headed hydra
 22154 | D:14     | a nine-headed hydra changed into an agate snail
 22359 | D:14     | Found Askumm's Weapon Emporium.
 22439 | D:14     | Noticed an ogre mage
 22446 | D:14     | Killed an ogre mage
 22451 | D:14     | Received a gift from Okawaru
 22514 | D:14     | Found a gate to the Vaults.
 23111 | D:14     | Noticed Urug
 23138 | D:14     | Killed Urug
 23544 | D:12     | Killed an unseen horror
 23728 | Lair:1   | Entered Level 1 of the Lair of Beasts
 23779 | Lair:1   | Reached skill level 15 in Long Blades
 24053 | Lair:1   | Got a warped iron ring
 24054 | Lair:1   | Identified the ring of the Seeker {Regen MR++ Acc-1} (You found it on level 1 of the Lair of Beasts)
 24288 | Lair:1   | Reached XP level 14. HP: 90/127 MP: 14/14
 24808 | Lair:2   | Upgraded the game from 0.14-a0-2443-g5aee772 to 0.14-a0-2474-g7d54a28
 25677 | Lair:3   | Found a staircase to the Shoals.
 25881 | Lair:3   | Noticed Erica
 26079 | Lair:4   | Received a gift from Okawaru
 26116 | Lair:4   | Got a fine cutlass {god gift}
 26132 | Lair:4   | Identified the +1,+8 cutlass of Deflation {elec, rC+} (Okawaru gifted it to you on level 4 of the Lair of Beasts)
 28014 | Lair:6   | Noticed an acid blob
 28014 | Lair:6   | Noticed an acid blob
 28015 | Lair:6   | Noticed an acid blob
 28015 | Lair:6   | Found a staircase to the Slime Pits.
 28045 | Lair:6   | Found a hole to the Spider Nest.
 28056 | Lair:6   | Received a gift from Okawaru
 28756 | Lair:7   | Got a pitted steel ring
 28819 | Lair:7   | Reached skill level 16 in Long Blades
 29119 | Lair:7   | Identified the ring "Greq Pra" {+Fly MR++ Str+3} (You found it on level 7 of the Lair of Beasts)
 29321 | Lair:8   | Entered Level 8 of the Lair of Beasts
 29331 | Lair:8   | Noticed miro's ghost (powerful HEWz)
 29410 | Lair:8   | Killed miro's ghost
 29537 | Lair:8   | HP: 6/129 [catoblepas (11)]
 29540 | Lair:8   | Slain by a catoblepas

Action                   |  1- 3 |  4- 6 |  7- 9 | 10-12 | 13-15 || total
-------------------------+-------+-------+-------+-------+-------++-------
Melee: Falchion          |   157 |   347 |    75 |   388 |       ||   967
       Long sword        |       |       |   389 |   203 |       ||   592
       Scimitar          |       |       |     7 |   794 |  1371 ||  2172
 Abil: Breathe Frost     |       |       |    27 |    29 |    11 ||    67
Evoke: Wand              |       |       |     5 |    12 |    54 ||    71
  Use: Potion            |     1 |       |       |     4 |       ||     5
       Scroll            |       |     6 |    18 |    20 |    14 ||    58
 Stab: Sleeping          |       |     1 |       |     2 |     2 ||     5
       Fleeing           |       |       |       |     1 |     3 ||     4
